 Dungeon Crawl Stone Soup version 0.32-a0-22-g6ae6769602 (webtiles) character file.

Game seed: 13132773668093133044

147 snarfax the Conjurer (level 4, -2/33 HPs)
             Began as a Demigod Conjurer on Jan 18, 2024.
             Slain by an orc wizard
             ... wielding a +0 dagger
              (4 damage)
             ... on level 3 of the Dungeon.
             The game lasted 00:08:57 (2346 turns).

snarfax the Conjurer (Demigod Conjurer)             Turns: 2346, Time: 00:08:58

Health: -2/33      AC:  3    Str:  6 (8)  XL:     4   Next: 80%
Magic:  8/10       EV: 11    Int: 21 (24) God:
Gold:   93         SH:  0    Dex:  9 (12) Spells: 3/8 levels left

rFire   . . .        i - +0 long sword
rCold   . . .        (no shield)
rNeg    . . .        j - +0 leather armour
rPois   .            (no helmet)
rElec   .            (no cloak)
rCorr   .            (no gloves)
SInv    .            (no boots)
Will    .....        (no amulet)
Stlth   +            (no ring)
HPRegen 0.25/turn    (no ring)
MPRegen 0.12/turn

%: no passive effects
@: confused
A: high MP 1, forlorn, divine attributes
a: no special abilities


You were on level 3 of the Dungeon.
You visited 1 branch of the dungeon, and saw 3 of its levels.

You collected 93 gold pieces.

Inventory:

Hand Weapons
 d - a +0 dagger
 h - a +0 short sword
 i - a +0 long sword (weapon)
Missiles
 e - 4 poisoned darts
Armour
 a - a +0 robe
 j - a +0 leather armour (worn)
Scrolls
 c - a scroll of fog {unknown}
 f - a scroll of amnesia {unknown}
 g - 4 scrolls of identify {unknown}
 k - a scroll of enchant weapon {unknown}
 l - a scroll of revelation {unknown}
Potions
 b - 2 potions of magic


   Skills:
 + Level 2.8 Dodging
 - Level 3.0 Stealth
 + Level 2.6 Spellcasting
 + Level 4.2 Conjurations


You had 3 spell levels left.
You knew the following spells:

 Your Spells              Type           Power      Damage    Failure   Level
a - Magic Dart            Conj           80%        1d7       3%          1
b - Searing Ray           Conj           40%        2d5       5%          2
c - Blink                 Tloc           4%         N/A       32%         2

Your spell library contained the following spells:

 Spells                   Type           Power      Damage    Failure   Level
 Foxfire                  Conj/Fire      44%        2x1d6     9%          1
 Momentum Strike          Conj/Tloc      22%        3d8       14%         2
 Ensorcelled Hibernation  Hex/Ice        4%         N/A       32%         2
 Lesser Beckoning         Tloc           4%         N/A       32%         2
 Passwall                 Erth           2%         N/A       54%         3
 Swiftness                Air            2%         N/A       54%         3
 Fulminant Prism          Conj/Alch      5%         3d7       65%         4
 Iskenderun's Mystic Bla  Conj/Tloc      11%        2d4       65%         4
 Plasma Beam              Fire/Air       1%         2x1d11    100%        6
 Starburst                Conj/Fire      5%         6d4       100%        6


Dungeon Overview and Level Annotations

Branches:
Dungeon (3/15)

Shops:
D:2 :


Innate Abilities, Weirdness & Mutations

You have an increased reservoir of magic. (+10% MP)
You shall have no god before yourself.
Your divine heritage dramatically boosts your attributes as you level up.


Message History

Press: ? - help, Shift-Dir - straight line, f - orc wizard
Aim: an orc wizard, wielding a +0 dagger and wearing a +0 robe of cold resistance (wandering, hasn't noticed you, 100% to hit)
The magic dart hits the orc wizard.
The orc wizard is lightly wounded.
Casting: Magic Dart (safe; 3% risk of failure)
Confirm with . or Enter, or press ? or * to list all spells.
Aiming: Magic Dart (safe; 3% risk of failure)
Press: ? - help, Shift-Dir - straight line, f/p - orc wizard
Aim: an orc wizard, wielding a +0 dagger and wearing a +0 robe of cold resistance (lightly wounded, 100% to hit)
The magic dart hits the orc wizard.
The orc wizard is heavily wounded.
Casting: Magic Dart (safe; 3% risk of failure)
Confirm with . or Enter, or press ? or * to list all spells.
Aiming: Magic Dart (safe; 3% risk of failure)
Press: ? - help, Shift-Dir - straight line, f/p - orc wizard
Aim: an orc wizard, wielding a +0 dagger and wearing a +0 robe of cold resistance (heavily wounded, 100% to hit)
The magic dart hits the orc wizard.
The orc wizard is severely wounded.
The orc wizard casts a spell.
The orc wizard flickers and vanishes!
Deactivating autopickup; reactivate with Ctrl-A.
You hear a shout! x2
You barely miss something.
Something hits you but does no damage. x2
You barely miss something. Something hits you.
You miss something.
You hear some strange, mumbled words.
A magic dart appears from out of thin air!
The magic dart hits you.
You miss something.
An orc comes into view. It is wielding a +0 trident.
Something hits you. Something hits you but does no damage.
You barely miss something. The orc closely misses you. Something hits you.
You miss something. The orc barely misses you.
You hear some strange, mumbled words.
You are confused.
Something hits you but does no damage.
The orc hits you from afar with a +0 trident!
* * * LOW HITPOINT WARNING * * *
You bump into the rock wall.
The orc closely misses you. Something hits you.
You die...

.......#...>.........≈≈≈
.......#..##.##....#....
......##..##.##....# ###
####.###......>.#### #
#.###.###.##### ## #
#.#...........# .o
#.#.#.#...###.# .#
.........#.##.# .#
...........##@# .# #
♣♣♣♣♣.#h.#†##{# .#.##.#
♣.#..#†##o##......#
♣...............#
♣.###########...# ♣..
### g.. .#.# # #.


You could see an orc.

Vanquished Creatures
  2 bombardier beetles (D:3)
  Jessica (D:2)
  An adder (D:2)
  A dart slug (D:1)
  A ribbon worm (D:2)
  An orc (D:3)
  3 ball pythons
  2 bats
  5 endoplasms
  3 giant cockroaches
  2 goblins
  4 hobgoblins
  4 jackals (D:3)
  3 frilled lizards
  4 kobolds
  7 rats
44 creatures vanquished.

Notes
Turn   | Place    | Note
-------+----------+-------------------------------------------
     0 | D:1      | snarfax the Demigod Conjurer began the quest for the Orb.
     0 | D:1      | Reached XP level 1. HP: 14/14 MP: 5/5
   444 | D:1      | Reached XP level 2. HP: 13/20 MP: 5/7
   447 | D:1      | Learned a level 2 spell: Searing Ray
  1080 | D:2      | Learned a level 2 spell: Blink
  1583 | D:2      | Found Iwnoehic's Book Emporium.
  1649 | D:2      | Noticed Jessica
  1652 | D:2      | Killed Jessica
  1653 | D:2      | Reached skill level 4 in Conjurations
  1653 | D:2      | Reached XP level 3. HP: 26/26 MP: 5/9
  1965 | D:3      | Reached XP level 4. HP: 33/33 MP: 1/10
  2051 | D:3      | HP: 1/33 [burnt (6)]
  2346 | D:3      | Slain by an orc wizard

Illustrated notes

Levels and vault maps discovered:
D:1:      evilmike_arrival_hilbert_curve, layout_loops_ring,
          nicolae_eternal_life
D:2:      layout_rooms, serial_shops, nicolae_lakefront_shop,
          serial_park_tiny_1, uniq_jessica
D:3:      layout_loops_cross, nicolae_kikubaaqudgha_miasma_corner, serial_shops,
          nicolae_lakefront_shop, nicolae_ecumenical_lake_church, nrook_campfire

Skill      XL: |  1  2  3  4 |
---------------+-------------+-----
Stealth        | 2 3 |  3.0
Dodging        | 2 |  2.8
Spellcasting   | 2 |  2.6
Conjurations   | 4 |  4.2

Action                     |  1- 3 |  4- 6 || total
---------------------------+-------+-------++-------
  Melee: Dagger            |    17 |       ||    17
         Short sword       |     9 |       ||     9
         Unarmed           |     1 |       ||     1
         Long sword        |    17 |    35 ||    52
   Cast: Magic Dart        |    45 |    15 ||    60
         Searing Ray       |     2 |       ||     2
    Use: Potion            |       |     4 ||     4
   Stab: Sleeping          |     6 |       ||     6
 Armour: Robe              |    14 |       ||    14
         Leather armour    |     7 |    41 ||    48
  Dodge: Dodged            |    24 |    34 ||    58

Table legend: (Time is in decaauts)
 A = Elapsed time spent in this place.
 B = Non-inter-level travel time spent in this place.
 C = Inter-level travel time spent in this place.
 D = Time resting spent in this place.
 E = Time spent auto-exploring this place.
 F = Levels seen in this place.
 G = Mean time per level.
                   A        B        C        D        E       F      G
               +--------+--------+--------+--------+--------+-----+--------+
         Total |   2365 |   2319 |     46 |      0 |   1941 |   3 |  788.3 |
       Dungeon |   2365 |   2319 |     46 |      0 |   1941 |   3 |  788.3 |
               +--------+--------+--------+--------+--------+-----+--------+

Top non-repeatable levels by time:
     D:1: 975 daAuts
     D:2: 832 daAuts
     D:3: 557 daAuts
